 Dungeon Crawl Stone Soup version 0.26-a0-8-gc4d20be (webtiles) character file.

Game seed: 6453636156987045533, levelgen mode: deterministic

133 Firecrotchwizard the Skirmisher (level 5, -6/85 HPs)
             Began as an Ogre Berserker on May 24, 2020.
             Was a Believer of Trog.
             Mangled by Pikel
             ... wielding a +2 whip of flaming
              (11 damage)
             ... on level 3 of the Dungeon.
             The game lasted 00:04:12 (3484 turns).

Firecrotchwizard the Skirmisher (Ogre Berserker)    Turns: 3484, Time: 00:04:13

Health: -6/85      AC:  3    Str: 22    XL:     5   Next: 16%
Magic:  5/5        EV: 10    Int:  8    God:    Trog [**....]
Gold:   110        SH:  0    Dex:  8    Spells: 4/4 levels left

rFire    . . .     SeeInvis .   q - +0 flail
rCold    . . .     Gourm    .   (no shield)
rNeg     . . .     Faith    .   b - +0 animal skin
rPois    .         Spirit   .   (helmet restricted)
rElec    .         Reflect  .   (no cloak)
rCorr    .         Harm     .   (gloves unavailable)
MR       .....                  (boots unavailable)
Stlth    ..........             (no amulet)
HPRegen  0.24/turn              l - ring of attention (curse)
MPRegen  0.09/turn              (no ring)

@: berserking, very quick
A: large, unfitting armour, tough skin 1
a: Berserk, Trog's Hand, Renounce Religion


You were on level 3 of the Dungeon.
You worshipped Trog.
Trog was pleased with you.
You were hungry.

You visited 1 branch of the dungeon, and saw 4 of its levels.

You collected 110 gold pieces.

Inventory:

Hand Weapons
 a - a +0 mace
 g - a +1 vorpal mace
   (You found it on level 3 of the Dungeon)
 i - a +1 mace of holy wrath
   (You found it on level 3 of the Dungeon)
 q - a +0 flail (weapon)
   (You took it off an orc on level 3 of the Dungeon)
Missiles
 n - 8 datura-tipped darts
Armour
 b - a +0 animal skin (worn)
Jewellery
 l - a cursed ring of attention (left hand)
   (You found it on level 3 of the Dungeon)
Wands
 m - a wand of paralysis (9)
   (You found it on level 2 of the Dungeon)
Scrolls
 h - 4 scrolls of identify
 r - a scroll of teleportation {unknown}
Potions
 d - 2 potions of curing {unknown}
 e - a potion of flight {unknown}
 f - a potion of might {unknown}
 j - a potion of experience {unknown}
 k - 2 potions of heal wounds
 o - a potion of berserk rage {unknown}
 s - 2 potions of mutation {unknown}
Comestibles
 c - 11 rations


   Skills:
 + Level 5.3 Fighting
 * Level 4.5 Maces & Flails
 - Level 2.6 Dodging


You had 4 spell levels left.
You didn't know any spells.
Your spell library was empty.

Dungeon Overview and Level Annotations

Branches:
Dungeon (4/15)
 Temple: D:4-7

Altars:
Elyvilon
Ru
Sif Muna

Annotations:
D:3 1 runed translucent door, Crazy Yiuf, Pikel


Innate Abilities, Weirdness & Mutations

You are too large for most types of armour.
You have tough skin. (AC +1)


Message History

You take 2 damage, and have 48/50 hp.
You hit the worker ant but do no damage.
The worker ant bites you.
You take 6 damage, and have 42/50 hp.
You thump the worker ant! The worker ant barely misses you.
The worker ant bites you!
You take 8 damage, and have 34/50 hp.
You are too injured to fight recklessly!
You are too injured to fight recklessly!
You are too injured to fight recklessly!
You are too injured to fight recklessly!
You hit the worker ant.
The worker ant waves its antennae.
The worker ant barely misses you.
You sock the worker ant!
You kill the worker ant!
Trog accepts your kill.
You have reached level 5!
You regained 6 hp, and now have 40/57 hp.
MP restored: 5 You see here a worker ant corpse.
You butcher the worker ant corpse.
p - 2 chunks of flesh {@w0} You start resting.
Eating one of 2 chunks of flesh {@w0}.
You eat one of the 2 chunks of flesh {@w0}.
Health restored: 57 An orc and an ogre come into view.
The orc shouts!
An orc wizard comes into view. It is wielding a +0 dagger.
There are monsters nearby!
The ogre hits you with a +0 giant club!
You take 9 damage, and have 48/57 hp.
There is a stone staircase leading up here.
You climb upwards.
Level annotation: 1 runed translucent door, Crazy Yiuf
There is a stone staircase leading down here.
You start resting.
Health restored: 57 You see here 23 bolts.
There is an open door here.
You see here a stone.
You see here a stone.
Things that are here:
23 stones; a +0 dagger; a +0 hunting sling All of the chunks of flesh in your inventory have rotted away.
There is an open door here.
You see here a stone.
You see here a stone.
You see here a stone.
You see here a +1 dagger of venom.
There is an open door here.
There is a stone staircase leading down here.
You climb downwards. 4 slaves and Pikel come into view.
Pikel is wielding a +2 whip of flaming.
Pikel shouts!
The slave shouts! x4
The slave misses you. The slave hits you. The slave misses you.
The slave moves out of view.
There is a stone staircase leading up here.
You take 6 damage, and have 51/57 hp.
Pikel drinks a potion.
Pikel flickers and vanishes!
Deactivating autopickup; reactivate with Ctrl-A.
The slave closely misses you.
You climb upwards.
Level annotation: 1 runed translucent door, Crazy Yiuf Reactivating autopickup.
There is a stone staircase leading down here.
You hit the slave but do no damage.
Deactivating autopickup; reactivate with Ctrl-A.
You miss something. You closely miss something. Something hits you.
Something burns you.
You take 6 damage, and have 46/57 hp.
You miss something. Something hits you but does no damage.
You hit something but do no damage. Something hits you! Something burns you.
Something hits you! Something burns you.
You take 19 damage, and have 27/57 hp.
MASSIVE DAMAGE!!
A red film seems to cover your vision as you go berserk!
You feel yourself moving faster!
You feel mighty!
You are feeling hungry.
Something hits you but does no damage.
You now have 40/85 hp.
You hit something. You closely miss something. Something hits you!
Something burns you.
You take 14 damage, and have 26/85 hp.
You miss something. Something hits you!
* * * LOW HITPOINT WARNING * * *
Something burns you.
* * * LOW HITPOINT WARNING * * *
You take 15 damage, and have 11/85 hp.
You hit something. Something hits you.
* * * LOW HITPOINT WARNING * * *
Something burns you.
* * * LOW HITPOINT WARNING * * *
You take 6 damage, and have 5/85 hp.
You barely miss something. You barely miss something. Something hits you!
You die...

[######## #.# #.#
.#......# #.# #.#
##......###.## #.#
.'...........# #.#
##......######
####.### ########
#......# #########
#.######
##(......#########.#
(()......'....p.@#.#
##[......#########.#
##.....[.# #.#
.........# #.#
#......[.# #.#
.........# #.#
########## #.# ....#
#.# ###.# #.#


You could see a slave.

Vanquished Creatures
  A worker ant (D:4)
  2 adders (D:2)
  An ooze (D:1)
  A worm (D:3)
  3 dart slugs
  2 leopard geckos
  5 orcs (D:3)
  A ball python (D:3)
  5 giant cockroaches
  9 goblins
  12 hobgoblins
  6 kobolds
  A quokka (D:3)
  9 bats
  3 frilled lizards
  4 rats
65 creatures vanquished.

Notes
Turn   | Place    | Note
-------+----------+-------------------------------------------
     0 | D:1      | Firecrotchwizard the Ogre Berserker began the quest for the
                  | Orb.
     0 | D:1      | Reached XP level 1. HP: 24/24 MP: 1/1
   146 | D:1      | Reached skill level 3 in Maces & Flails
   177 | D:1      | Reached XP level 2. HP: 32/32 MP: 2/2
   381 | D:1      | Reached XP level 3. HP: 29/40 MP: 3/3
  1132 | D:2      | Reached ** piety under Trog
  1273 | D:2      | Reached XP level 4. HP: 49/49 MP: 4/4
  1471 | D:2      | Found a shimmering blue altar of Sif Muna.
  1472 | D:2      | Found a sacrificial altar of Ru.
  1476 | D:2      | Found a white marble altar of Elyvilon.
  1517 | D:2      | Reached skill level 4 in Maces & Flails
  1933 | D:3      | Reached skill level 5 in Fighting
  2461 | D:3      | Found a runed translucent door.
  2462 | D:3      | Noticed Crazy Yiuf
  3184 | D:4      | Reached XP level 5. HP: 39/57 MP: 5/5
  3281 | D:4      | Noticed an ogre
  3470 | D:4      | Noticed Pikel
  3470 | D:4      | Noticed a slave
  3470 | D:4      | Noticed a slave
  3470 | D:4      | Noticed a slave
  3470 | D:4      | Noticed a slave
  3481 | D:3      | HP: 15/85 [something (11)]
  3482 | D:3      | HP: 6/85 [something (5)]
  3484 | D:3      | Mangled by Pikel

Illustrated notes

Levels and vault maps discovered:
D:1:      scummos_arrival_hexagon, layout_rooms, hex_medium
D:2:      layout_basic, minitemple
D:3:      layout_basic, first_ration, minmay_quantized, uniq_crazy_yiuf_cottage
D:4:      layout_loops_ring, nicolae_qazlal_style_of_elements, uniq_pikel,
          uniq_duvessa

Skill      XL: |  1  2  3  4 |
---------------+-------------+-----
Maces & Flails | 3 4 |  4.5
Fighting       | 5 |  5.3
Dodging        | |  2.6

Action                   |  1- 3 |  4- 6 || total
-------------------------+-------+-------++-------
Melee: Mace              |   107 |    44 ||   151
       Flail             |       |    46 ||    46
Invok: Berserk           |       |     1 ||     1
  Use: Scroll            |       |     4 ||     4
  Eat: Chunk             |     1 |     7 ||     8
Armor: Animal skin       |    65 |    25 ||    90
Dodge: Dodged            |    91 |    41 ||   132

Table legend:
 A = Non-vault XP
 B = Vault XP
 C = Vault XP percentage of total XP
 D = Non-vault monster count
 E = Vault monster count
 F = Vault count percentage of total count
                 A         B        C        D         E       F
            +---------+---------+-------+---------+---------+-------
      Total |     185 |       6 |   3.1 |      61 |       4 |   6.2
            +---------+---------+-------+---------+---------+-------
        D:1 |      50 |       0 |   0.0 |      25 |       0 |   0.0
        D:2 |      51 |       0 |   0.0 |      16 |       0 |   0.0
        D:3 |      50 |       6 |  10.7 |      19 |       4 |  17.4
        D:4 |      34 |       0 |   0.0 |       1 |       0 |   0.0
            +---------+---------+-------+---------+---------+-------

Levels and vault maps discovered:
D:1:      scummos_arrival_hexagon, layout_rooms, hex_medium
D:2:      layout_basic, minitemple
D:3:      layout_basic, first_ration, minmay_quantized, uniq_crazy_yiuf_cottage
D:4:      layout_loops_ring, nicolae_qazlal_style_of_elements, uniq_pikel,
          uniq_duvessa

Table legend:
 A = Turns spent in this place as a percentage of turns spent in the entire game.
 B = Non-inter-level travel turns spent in this place as a percentage of non-inter-level travel turns spent in the entire game.
 C = Inter-level travel turns spent in this place as a percentage of turns spent in this place.
 D = Turns resting spent in this place as a percentage of non-inter-level travel turns spent in this place.
 E = Turns spent auto-exploring this place as a percentage of non-inter-level travel turns spent in this place.
 F = Non-inter-level travel turns spent in this place divided by the number of levels of this place that you've seen.
                   A       B       C       D       E      F
               +-------+-------+-------+-------+-------+----------------------
         Total | 100.0 | 100.0 |   7.1 |  21.4 |  64.2 | 808.8
       Dungeon | 100.0 | 100.0 |   7.1 |  21.4 |  64.2 | 808.8
               +-------+-------+-------+-------+-------+----------------------

Table legend:
 A = Kills in this place as a percentage of kills in entire the game.
 B = Kills by you in this place as a percentage of kills by you in the entire game.
 C = Kills by friends in this place as a percentage of kills by friends in the entire game.
 D = Other kills in this place as a percentage of other kills in the entire game.
 E = Experience gained in this place as a percentage of experience gained in the entire game.
 F = Experience gained in this place divided by the number of levels of this place that you have seen.
                   A       B       C       D       E      F
               +-------+-------+-------+-------+-------+----------------------
         Total | 100.0 | 100.0 |   N/A |   N/A | 100.0 |  47.8
       Dungeon | 100.0 | 100.0 |   N/A |   N/A | 100.0 |  47.8
               +-------+-------+-------+-------+-------+----------------------
